 Dungeon Crawl Stone Soup version 0.32-a0-913-g739538a (webtiles) character file.

Game seed: 14430776824345016397

130963 bongcheondong the Rich (level 17, 0/133 HPs)
             Began as a Gnoll Ice Elementalist on Apr 7, 2024.
             Was an Initiate of Gozag.
             Killed from afar by an eleionoma (30 damage)
             ... with a spray of wooden splinters
             ... on level 1 of the Swamp.
             The game lasted 01:41:30 (30840 turns).

bongcheondong the Rich (Gnoll Ice Elementalist)    Turns: 30840, Time: 01:41:31

Health: 0/133      AC: 12    Str:  8    XL:     17   Next: 9%
Magic:  12/33      EV: 16    Int: 25    God:    Gozag
Gold:   3125       SH: 14    Dex: 14    Spells: 2/41 levels left

rFire   . . .        M - +6 rapier of Infinite Pain {speed, Int+4}
rCold   + . .        D - +2 buckler
rNeg    . . .        K - +3 leather armour
rPois   +            L - +0 helmet
rElec   .            f - +0 cloak
rCorr   .            c - +0 pair of gloves
SInv    .            (no boots)
Will    +....        k - amulet of the Median {Reflect Fly rPois Regen+ SH+5}
Stlth   +++++        E - ring of protection from cold
HPRegen 1.22/turn    d - ring of wizardry
MPRegen 0.23/turn

%: reflection, wizardry (x1)
@: death channelling, flying, very slightly contaminated
A: fangs 1, strong nose, distributed training
a: Renounce Religion, Potion Petition, Call Merchant, Bribe Branch


You were on level 1 of the Swamp.
You worshipped Gozag.
Gozag was most pleased with you.
You visited 5 branches of the dungeon, and saw 24 of its levels.
You also visited: Ossuary, Bailey and Ice Cave.

You collected 10839 gold pieces.
You spent 2281 gold pieces at shops.
You paid 5433 gold pieces to Gozag.

Inventory:

Hand Weapons
 M - the +6 rapier of Infinite Pain (weapon) {speed, Int+4}
   (You found it on level 7 of the Dungeon)

   Int+4:     It affects your intelligence (+4).
 V - a +7 flail of freezing
Missiles
 h - a curare-tipped dart
 F - 3 throwing nets
Armour
 c - a +0 pair of gloves (worn)
 f - a +0 cloak (worn)
 i - the +2 helmet of Misanthropy {+Blink rF- rC+ rCorr Str+3}
   (You found it in an ice cave)

   Str+3:     It affects your strength (+3).
   rF-:       It makes you vulnerable to fire.
   rC+:       It protects you from cold.
   +Blink:    It lets you blink.
   rCorr:     It protects you from acid and corrosion.
 D - a +2 buckler (worn)
 K - a +3 leather armour (worn)
 L - a +0 helmet (worn)
 Q - the +7 Kryia's mail coat {PotionHeal*2 rC+}
   (You found it on level 9 of the Dungeon)

   PotionHeal*2: Potions heal its wearer twice as much.
   rC+:       It protects you from cold.
Jewellery
 a - the ring of Hotede {rF++ rN+ rCorr Str+3}
   (You found it on level 15 of the Dungeon)

   [ring of positive energy]

   Str+3:     It affects your strength (+3).
   rF++:      It greatly protects you from fire.
   rN+:       It protects you from negative energy.
   rCorr:     It protects you from acid and corrosion.
 d - a ring of wizardry (right hand)
 k - the amulet of the Median (around neck) {Reflect Fly rPois Regen+ SH+5}
   (You acquired it in a bailey)

   [amulet of reflection]

   Reflect:   It reflects blocked missile attacks.
   rPois:     It protects you from poison.
   Fly:       It grants you flight.
   Regen+:    It increases your rate of health regeneration.
   SH+5:      It affects your SH (+5).
 E - a ring of protection from cold (left hand)
Wands
 l - a wand of mindburst (11)
 y - a wand of quicksilver (18)
 O - a wand of iceblast (10)
 R - a wand of digging (7)
 U - a wand of paralysis (1)
 Y - a wand of flame (3)
Scrolls
 g - 10 scrolls of teleportation
 n - 5 scrolls of revelation
 r - 8 scrolls of enchant armour
 t - 10 scrolls of fear
 x - 3 scrolls of immolation
 A - 7 scrolls of identify
 I - 6 scrolls of fog
 J - a scroll of butterflies
 N - a scroll of amnesia
 P - 5 scrolls of blinking
 S - 2 scrolls of enchant weapon
 T - a scroll of brand weapon
 W - 2 scrolls of poison
Potions
 b - 2 potions of magic
 j - 5 potions of heal wounds
 m - 5 potions of mutation
 o - 7 potions of curing
 p - 3 potions of might
 q - 3 potions of invisibility
 s - a potion of cancellation
 u - 3 potions of lignification
 v - 3 potions of attraction
 w - 4 potions of haste
 z - 3 potions of ambrosia
 B - 2 potions of enlightenment
 G - 3 potions of berserk rage
 H - 5 potions of brilliance
Miscellaneous
 e - a phantom mirror
 X - a phial of floods
 Z - a condenser vane


   Skills:
 + Level 11.8 Fighting
 + Level 11.8 Short Blades
 + Level 11.8 Long Blades
 + Level 11.8 Axes
 + Level 11.8 Maces & Flails
 + Level 11.8 Polearms
 + Level 11.8 Staves
 + Level 11.8 Ranged Weapons
 + Level 11.8 Throwing
 + Level 11.8 Armour
 + Level 12.6 Dodging
 + Level 12.5 Stealth
 + Level 11.8 Shields
 + Level 11.8 Unarmed Combat
 + Level 12.7 Spellcasting
 + Level 10.0 Conjurations
 + Level 10.0 Hexes
 + Level 10.0 Summonings
 + Level 10.0 Necromancy
 + Level 10.0 Translocations
 + Level 10.0 Fire Magic
 + Level 12.1 Ice Magic
 + Level 10.0 Air Magic
 + Level 10.0 Earth Magic
 + Level 10.0 Alchemy
 + Level 12.8 Invocations
 + Level 11.8 Evocations
 + Level 10.8 Shapeshifting


You had 2 spell levels left.
You knew the following spells:

 Your Spells              Type           Power      Damage    Failure   Level
a - Freeze                Ice            100%       1d10      1%          1
b - Ozocubu's Refrigerat  Ice            33%        4d14      16%         7
c - Ozocubu's Armour      Ice            67%        N/A       1%          3
d - Lee's Rapid Deconstr  Erth           30%        3d16*     1%          5
e - Irradiate             Conj/Alch      30%        3d21      1%          5
g - Sublimation of Blood  Necr           60%        N/A       1%          2
h - Dispel Undead         Necr           60%        3d21      1%          4
i - Death Channel         Necr           30%        N/A       6%          6
j - Eringya's Noxious Bo  Alch           30%        4d6       6%          6

Your spell library contained the following spells:

 Spells                   Type           Power      Damage    Failure   Level
 Foxfire                  Conj/Fire      100%       2x1d9     1%          1
 Magic Dart               Conj           100%       1d8       1%          1
 Blink                    Tloc           100%       N/A       1%          2
 Lesser Beckoning         Tloc           100%       N/A       1%          2
 Momentum Strike          Conj/Tloc      100%       3d10      1%          2
 Searing Ray              Conj           100%       2d8       1%          2
 Static Discharge         Conj/Air       100%       3-8/arc   1%          2
 Call Canine Familiar     Summ           60%        N/A       1%          3
 Frozen Ramparts          Ice            100%       1d16      1%          3
 Sigil of Binding         Hex            60%        N/A       1%          3
 Summon Ice Beast         Ice/Summ       64%        N/A       1%          3
 Teleport Other           Tloc           60%        N/A       1%          3
 Brom's Barrelling Bould  Conj/Erth      60%        2d8       1%          4
 Dimensional Bullseye     Hex/Tloc       30%        N/A       1%          4
 Fulminant Prism          Conj/Alch      30%        3d15      1%          4
 Leda's Liquefaction      Alch/Erth      30%        N/A       1%          4
 Petrify                  Alch/Erth      60%        N/A       1%          4
 Summon Blazeheart Golem  Fire/Summ      60%        N/A       1%          4
 Borgnjor's Vile Clutch   Necr/Erth      30%        N/A       1%          5
 Curse of Agony           Necr           60%        N/A       1%          5
 Fireball                 Conj/Fire      30%        3d13      1%          5
 Freezing Cloud           Conj/Ice/Air   31%        6-21      1%          5
 Iskenderun's Battlesphe  Conj           60%        2d11      1%          5
 Summon Forest            Summ/Tloc      30%        N/A       1%          5
 Conjure Ball Lightning   Conj/Air       30%        3x3d10    6%          6
 Dispersal                Tloc           30%        N/A       6%          6
 Gell's Gavotte           Tloc           30%        2d(25-37) 6%          6
 Plasma Beam              Fire/Air       30%        2x1d43    6%          6
 Starburst                Conj/Fire      30%        6d9       6%          6
 Haunt                    Necr/Summ      30%        N/A       32%         7
 Manifold Assault         Tloc           30%        N/A       32%         7
 Orb of Destruction       Conj           30%        9d10      32%         7
 Spellforged Servitor     Conj/Summ      30%        N/A       32%         7
 Summon Hydra             Summ           30%        N/A       32%         7
 Disjunction              Tloc           30%        N/A       93%         8
 Infestation              Necr           30%        N/A       93%         8
 Death's Door             Necr           30%        N/A       100%        9
 Animate Dead             Necr           Unusable   N/A       N/A         4

Dungeon Overview and Level Annotations

Branches:
Dungeon (15/15)            Temple (1/1) D:5            Lair (5/5) D:10
  Swamp (1/4) Lair:2        Snake (0/4) Lair:3        Slime (0/5) Lair:5
    Orc (2/2) D:10            Elf (0/3) Orc:2        Vaults (0/5) D:14
 Depths (0/4) D:15        Ossuary (visited)          Bailey (visited)
  IceCv (visited)

Altars:
Ashenzari
Cheibriados
Dithmenos
Elyvilon
Fedhas
Gozag
Hepliaklqana
Kikubaaqudgha
Makhleb
Nemelex Xobeh
Okawaru
Qazlal
Ru
Sif Muna
Trog
Uskayaw
Vehumet
Wu Jian
Xom
Yredelemnul
Zin
The Shining One
Beogh
Jiyva
Lugonu

Shops:
D:2 !   D:8 *?   D:10 ?   D:11 :   D:15 *   Orc:1 ?   Orc:2 ?*(=(:

Portals:
Abyss: Lair:5
Trove: D:11 (give +5 demon whip)

Annotations:
D:3 2 runed translucent doors, AlexanderH's ghost, amateur DrEE
D:9 2 transporters


Innate Abilities, Weirdness & Mutations

You have very sharp teeth.
Your uncanny sense of smell can sniff out nearby items.
Your experience applies equally to all skills.


Message History

You hit the eleionoma.
The eleionoma is moderately wounded.
Your spectral hornet hits the eleionoma.
You hit the eleionoma but do no damage.
The eleionoma is moderately wounded.
Your spectral spriggan hits the eleionoma!
The eleionoma hurls a spray of splinters at you.
The spray of wooden splinters hits you!
* * * LOW HITPOINT WARNING * * *
You puncture the eleionoma!
The eleionoma is severely wounded.
Your spectral hornet closely misses the eleionoma.
Unknown command.
You puncture the eleionoma!
You bite the eleionoma, but do no damage.
The eleionoma is severely wounded.
Your spectral hornet hits the eleionoma.
Your spectral spriggan barely misses the eleionoma.
The eleionoma hurls a spray of splinters at your spectral hornet.
The spray of wooden splinters hits your spectral hornet!!
Your spectral hornet is destroyed!
The eleionoma shouts!
You hit the eleionoma.
The eleionoma is severely wounded.
You puncture the eleionoma!
The eleionoma is almost dead.
You closely miss the eleionoma.
The eleionoma is almost dead.
Your spectral spriggan hits the eleionoma!
The eleionoma touches a tree and draws upon its vitality.
The eleionoma is healed.
You puncture the eleionoma! Your bite misses the eleionoma.
The eleionoma is moderately wounded.
You puncture the eleionoma! You bite the eleionoma.
The eleionoma is moderately wounded.
Your spectral spriggan hits the eleionoma!
The eleionoma hurls a spray of splinters at you.
The spray of wooden splinters hits you!!
You die...
Your body crumbles into a pile of gold.

~,~~~**,~~~~~~,~~~,~,~~~~,,~~~***
~~,,,,,,~~~~~~~~~~..~~~~,~~*~,*~*
~~..~~~.~~~~~..~~~.~~~~~,*****,,,
~~...~~.,~~~..§§~~~~~~~.,,,,,~*,,
...,,...♣♣*♣...~~~.~~~~~~~~~,**,,
..♣**,..~♣ *♣..~~~~~$~~~~~~,,**,,
~.♣ *♣♣♣~♣♣ *♣$....~~~§~,~~~,~~,,
~~♣♣♣♣..>.♣♣♣*♣.$.$.~~~~,,~~~,**,
~~~.♣♣♣.~.~~♣♣♣.@Z♣*,~,,~,~~,**~,
..~~.♣~.....~♣♣.R♣♣**,,~,*,~,~~~,
♣♣...♣♣...~~.....♣******,*,,****,
♣♣♣~~♣♣♣..~~~~~~~~~♣ *,***,* *,,
♣......~♣...~~§~~.♣***,* *,* *~,
♣♣.~..~.♣♣~.~~~~.....*,* *,***,~
♣♣♣..~~~.♣♣....§♣~...,***,,,,**
♣♣.~~...♣~.~♣...♣♣♣**~*****,,
♣♣....♣~....♣♣♣♣~,,,,,,,~***


You could see an eleionoma (misshapen, ally target) and a friendly spectral
spriggan.

Vanquished Creatures
  Rupert (D:12)
  An Ice Fiend (IceCv)
  Donald (Orc:2)
  A fenstrider witch (Swamp:1)
  2 orc warlords
  Louise (D:15)
  A very ugly thing (Swamp:1)
  A fire dragon (D:12)
  Josephine (D:12)
  A caustic shrike simulacrum (IceCv)
  2 hydras
  An ironbound frostheart (D:14)
  2 catoblepae
  4 centaur warriors
  2 two-headed ogres (D:15)
  2 boulder beetles
  A tengu warrior (D:14)
  An alligator (Swamp:1)
  3 death yaks (Lair:5)
  A deep troll earth mage (D:15)
  Urug (Lair:2)
  An orc high priest (Orc:2)
  A thrashing horror (Lair:5)
  Sonja (Lair:3)
  A skyshark (Lair:4)
  2 skeletal warriors (D:13)
  A swamp dragon (Swamp:1)
  An obsidian statue (IceCv)
  3 spriggan simulacra (IceCv)
  An obsidian bat (Orc:2)
  2 large abominations (Lair:5)
  3 orc knights
  A harpy (D:15)
  A bog body (IceCv)
  A deep elf pyromancer (D:12)
  2 cyclopes
  8 ugly things
  2 manticores
  3 orc sorcerers
  A salamander (Lair:3)
  An elephant (Lair:4)
  3 kobold blastminers (Orc:2)
  2 will-o-the-wisps (Swamp:1)
  5 black mambas
  2 torpor snails
  2 smoke demons (Lair:5)
  A gargoyle (D:12)
  7 cane toads
  2 unseen horrors
  11 komodo dragons
  4 rime drakes
  2 efreet
  2 freezing wraiths
  5 ice devils (IceCv)
  2 polar bears
  2 alligator simulacra (IceCv)
  A tyrant leech (Swamp:1)
  2 hornets
  4 trolls
  8 blink frogs
  10 dream sheep
  A raiju (Lair:5)
  16 slime creatures
  A spriggan (Swamp:1)
  A spriggan (shapeshifter) (Lair:5)
  3 vampires
  A fire elemental (D:14)
  A shadow (D:12)
  7 wyverns
  4 dire elephant simulacra (IceCv)
  2 wargs (Orc:1)
  4 humans
  6 wraiths
  46 yaks
  3 ynoxinuls (Lair:5)
  3 hogs (Lair:4)
  8 minotaur simulacra (IceCv)
  8 basilisks
  2 steam dragons
  4 harpy simulacra (IceCv)
  3 nagas (Lair:3)
  9 vampire mosquitoes
  2 acid dragons
  6 small abominations (Lair:5)
  11 water moccasins
  A swamp drake (Swamp:1)
  36 orc warriors
  3 black bears
  A sky beast (D:8)
  An ettin simulacrum (IceCv)
  7 ogres
  18 wolves
  4 centaurs
  2 nameless horrors (Lair:2)
  An elf zombie (Ossuary)
  4 kobold brigands
  9 bullfrogs
  5 scorpions
  13 deep troll simulacra (IceCv)
  3 wights (D:7)
  A lindwurm simulacrum (IceCv)
  6 killer bees (D:10)
  2 electric eels
  5 howler monkeys
  2 centaur zombies (Ossuary)
  2 lava snakes (D:14)
  2 hounds (D:6)
  3 human zombies (Ossuary)
  A bombardier beetle (D:7)
  4 jellies
  22 orc priests
  2 gnoll boudas
  2 iguanas (D:5)
  16 orc wizards
  2 hell rats (Lair:5)
  2 crocodile zombies (Ossuary)
  5 mummies
  13 gnolls
  7 adders
  2 hound simulacra (Ossuary)
  2 ufetubi (D:6)
  A spectral adder (Ossuary)
  A spectral gnoll (Ossuary)
  4 dart slugs
  66 orcs
  2 endoplasms
  2 giant cockroaches (D:2)
  13 goblins
  12 hobgoblins
  4 quokkas
  12 ball pythons
  5 bats
  5 frilled lizards
  2 gnoll simulacra (Ossuary)
  6 gnoll zombies (Ossuary)
  3 jackal simulacra (Ossuary)
  18 kobolds
  4 kobold zombies (Ossuary)
  2 orc zombies (Ossuary)
  7 rats
  A snaplasher vine (Swamp:1)
678 creatures vanquished.

Vanquished Creatures (collateral kills)
  Jorgrun (D:12)
  Kirke (Lair:4)
  2 hydras
  Harold (Lair:2)
  A catoblepas (Lair:4)
  3 boulder beetles
  3 two-headed ogres
  3 centaur warriors (D:15)
  An ogre mage (D:15)
  4 orc high priests
  A thrashing horror (Lair:5)
  4 skeletal warriors
  A bog body (Swamp:1)
  4 orc knights
  An obsidian bat (Orc:2)
  4 orc sorcerers
  A deep elf pyromancer (D:12)
  5 cyclopes
  5 ugly things
  A manticore (D:14)
  A salamander (shapeshifter) (D:14)
  2 elephants (Lair:4)
  4 black mambas
  A torpor snail (Lair:3)
  A kobold demonologist (D:12)
  4 cane toads
  A smoke demon (Lair:5)
  A freezing wraith (D:14)
  6 komodo dragons
  3 rime drakes
  A troll (shapeshifter) (D:15)
  2 trolls (D:12)
  2 polar bears
  Prince Ribbit (D:8)
  4 blink frogs
  5 dream sheep
  12 slime creatures
  6 yaks
  2 wyverns
  4 hogs (Lair:4)
  3 basilisks (Lair:5)
  A warg (D:15)
  2 vampire mosquitoes
  A swamp worm (Swamp:1)
  A water moccasin (Lair:4)
  16 orc warriors
  2 black bears
  3 ogres
  A small abomination (Lair:5)
  2 wolves (Lair:1)
  3 centaurs
  A nameless horror (Lair:2)
  A kobold brigand (D:9)
  2 gnoll sergeants
  2 bullfrogs
  A wight (D:7)
  An electric eel (Lair:5)
  5 howler monkeys
  A human zombie (Ossuary)
  18 orc priests
  An iguana (D:5)
  11 orc wizards
  A hell rat (Lair:5)
  2 spectral hounds (Ossuary)
  An adder (D:2)
  4 gnolls
  A shadow imp (D:8)
  A white imp (D:5)
  A spectral adder (Ossuary)
  2 spectral gnolls (Ossuary)
  A dart slug (D:2)
  An adder simulacrum (Ossuary)
  16 orcs
  2 gnoll zombies (Ossuary)
  3 goblins
  3 hobgoblins
  3 ball pythons (D:2)
  A gnoll simulacrum (Ossuary)
  2 jackal simulacra (Ossuary)
  3 kobolds
  2 orc zombies (Ossuary)
  2 spectral jackals (Ossuary)
241 creatures vanquished.

Vanquished Creatures (others)
  A vampire (D:9)
  An orc wizard (Orc:2)
  A hell rat (Lair:5)
  An orc (Orc:2)
  10 foxfires (Swamp:1)
  9 snaplasher vines
23 creatures vanquished.

Grand Total: 942 creatures vanquished

Notes
Turn   | Place    | Note
-------+----------+-------------------------------------------
     0 | D:1      | bongcheondong the Gnoll Ice Elementalist began the quest
                  | for the Orb.
     0 | D:1      | Reached XP level 1. HP: 13/13 MP: 6/6
   182 | D:1      | Reached XP level 2. HP: 15/19 MP: 2/7
   476 | D:1      | Reached skill level 5 in Spellcasting
   476 | D:1      | Reached XP level 3. HP: 22/25 MP: 6/9
   581 | D:1      | Found a faded altar of an unknown god.
   857 | D:1      | Learned a level 3 spell: Frozen Ramparts
   861 | D:1      | Learned a level 3 spell: Ozocubu's Armour
   865 | D:1      | Learned a level 3 spell: Summon Ice Beast
   944 | D:2      | Reached skill level 1 in Invocations
  1130 | D:2      | Found Jasana Kayso's Distillery.
  1149 | D:2      | Bought a potion of curing for 36 gold pieces
  1290 | D:2      | Reached skill level 1 in Fighting
  1290 | D:2      | Reached skill level 1 in Short Blades
  1290 | D:2      | Reached skill level 1 in Long Blades
  1290 | D:2      | Reached skill level 1 in Axes
  1290 | D:2      | Reached skill level 1 in Maces & Flails
  1290 | D:2      | Reached skill level 1 in Polearms
  1290 | D:2      | Reached skill level 1 in Staves
  1290 | D:2      | Reached skill level 1 in Ranged Weapons
  1290 | D:2      | Reached skill level 1 in Throwing
  1290 | D:2      | Reached skill level 1 in Armour
  1290 | D:2      | Reached skill level 1 in Shields
  1290 | D:2      | Reached skill level 1 in Unarmed Combat
  1290 | D:2      | Reached skill level 1 in Evocations
  1389 | D:2      | Reached skill level 1 in Shapeshifting
  1389 | D:2      | Reached XP level 4. HP: 32/32 MP: 4/11
  1592 | D:2      | Reached skill level 1 in Conjurations
  1592 | D:2      | Reached skill level 1 in Hexes
  1592 | D:2      | Reached skill level 1 in Summonings
  1592 | D:2      | Reached skill level 1 in Necromancy
  1592 | D:2      | Reached skill level 1 in Translocations
  1592 | D:2      | Reached skill level 1 in Fire Magic
  1592 | D:2      | Reached skill level 1 in Air Magic
  1592 | D:2      | Reached skill level 1 in Earth Magic
  1592 | D:2      | Reached skill level 1 in Alchemy
  2028 | D:3      | Reached XP level 5. HP: 26/37 MP: 6/12
  2163 | D:3      | Found a large runed translucent door.
  2163 | D:3      | Found a large runed translucent door.
  2474 | D:3      | Noticed AlexanderH's ghost (amateur DrEE)
  2713 | D:4      | Noticed an ogre
  2721 | D:4      | Killed an ogre
  2722 | D:4      | Reached skill level 5 in Dodging
  2722 | D:4      | Reached XP level 6. HP: 44/44 MP: 2/14
  2748 | D:4      | Found a sand-covered staircase.
  2762 | Ossuary  | Entered an ossuary
  3009 | Ossuary  | Reached XP level 7. HP: 43/50 MP: 10/15
  3363 | Ossuary  | Reached skill level 5 in Stealth
  4026 | D:4      | Found an opulent altar of Gozag.
  4331 | D:5      | Entered Level 5 of the Dungeon
  4408 | D:5      | Reached XP level 8. HP: 34/58 MP: 10/16
  4797 | D:5      | Found a staircase to the Ecumenical Temple.
  4809 | Temple   | Entered the Ecumenical Temple
  5616 | D:4      | Became a worshipper of Gozag Ym Sagoz the Greedy
  5693 | D:6      | Found a sacrificial altar of Ru.
  5968 | D:6      | Found a hide-covered altar of Uskayaw.
  6044 | D:6      | Identified the +3 falchion "Dragon's Tongue" {freeze, rN+
                  | Dex+6}
  6274 | D:6      | Reached XP level 9. HP: 59/65 MP: 18/18
  6428 | D:6      | Found a broken altar of Ashenzari.
  6725 | D:7      | Found a flagged portal.
  6787 | Bailey   | Entered a bailey
  7036 | Bailey   | Noticed an orc knight
  7049 | Bailey   | Killed an orc knight
  7050 | Bailey   | Reached skill level 5 in Invocations
  7223 | Bailey   | Noticed an orc warlord
  7244 | Bailey   | Reached skill level 5 in Fighting
  7244 | Bailey   | Reached skill level 5 in Short Blades
  7244 | Bailey   | Reached skill level 5 in Long Blades
  7244 | Bailey   | Reached skill level 5 in Axes
  7244 | Bailey   | Reached skill level 5 in Maces & Flails
  7244 | Bailey   | Reached skill level 5 in Polearms
  7244 | Bailey   | Reached skill level 5 in Staves
  7244 | Bailey   | Reached skill level 5 in Ranged Weapons
  7244 | Bailey   | Reached skill level 5 in Throwing
  7244 | Bailey   | Reached skill level 5 in Armour
  7244 | Bailey   | Reached skill level 5 in Shields
  7244 | Bailey   | Reached skill level 5 in Unarmed Combat
  7244 | Bailey   | Reached skill level 5 in Evocations
  7244 | Bailey   | Reached XP level 10. HP: 74/74 MP: 9/20
  7257 | Bailey   | Killed an orc warlord
  7438 | Bailey   | Acquired the amulet of the Median {Reflect Fly rPois Regen+
                  | SH+5}
  7439 | Bailey   | Acquired 582 gold pieces
  7440 | Bailey   | Acquired 672 gold pieces
  7465 | Bailey   | Noticed an orc knight
  7480 | Bailey   | Killed an orc knight
  7481 | Bailey   | Reached skill level 5 in Shapeshifting
  7964 | D:7      | Identified the blade talisman of Varuig {rC+ Int+7}
  7969 | D:7      | Identified the +6 rapier of Infinite Pain {speed, Int+4}
  8313 | D:7      | Found a shimmering blue altar of Sif Muna.
  8799 | D:7      | Learned a level 5 spell: Irradiate
  9204 | D:8      | Noticed Prince Ribbit
  9211 | D:8      | Killed Prince Ribbit
  9370 | D:8      | Reached skill level 5 in Conjurations
  9370 | D:8      | Reached skill level 5 in Hexes
  9370 | D:8      | Reached skill level 5 in Summonings
  9370 | D:8      | Reached skill level 5 in Necromancy
  9370 | D:8      | Reached skill level 5 in Translocations
  9370 | D:8      | Reached skill level 5 in Fire Magic
  9370 | D:8      | Reached skill level 5 in Air Magic
  9370 | D:8      | Reached skill level 5 in Earth Magic
  9370 | D:8      | Reached skill level 5 in Alchemy
  9370 | D:8      | Reached XP level 11. HP: 77/81 MP: 11/22
  9537 | D:8      | Bought a scroll of amnesia for 68 gold pieces
  9537 | D:8      | Bought a scroll of teleportation for 51 gold pieces
  9537 | D:8      | Bought a scroll of blinking for 127 gold pieces
  9537 | D:8      | Bought a scroll of identify for 34 gold pieces
  9537 | D:8      | Bought a scroll of noise for 17 gold pieces
  9544 | D:8      | Bought a potion of enlightenment for 90 gold pieces
  9949 | D:9      | Noticed a cyan ugly thing
  9958 | D:9      | Killed a cyan ugly thing
 10061 | D:9      | Noticed a brown ugly thing
 10061 | D:9      | Noticed a boulder beetle
 10077 | D:9      | Killed a brown ugly thing
 10117 | D:9      | Killed a boulder beetle
 10358 | D:9      | Found the +7 Kryia's mail coat {PotionHeal*2 rC+}
 10632 | D:9      | Found a transporter.
 10634 | D:9      | Found a basalt altar of Yredelemnul.
 10635 | D:9      | Noticed a skeletal warrior
 10635 | D:9      | Noticed a skeletal warrior
 10637 | D:9      | Found a transporter.
 10648 | D:9      | Noticed a flayed ghost
 10741 | D:9      | Found an ancient bone altar of Kikubaaqudgha.
 10784 | D:9      | Found an iron altar of Okawaru.
 10994 | D:9      | Found a hazy altar of Hepliaklqana.
 11182 | D:10     | Entered Level 10 of the Dungeon
 11329 | D:10     | Reached XP level 12. HP: 91/91 MP: 13/24
 11492 | D:10     | Found a staircase to the Lair.
 11623 | D:10     | Found a staircase to the Orcish Mines.
 12126 | D:10     | Found Doehal's Magic Scroll Emporium.
 12130 | D:10     | Bought a scroll of fog for 64 gold pieces
 12130 | D:10     | Bought a scroll of enchant weapon for 120 gold pieces
 12130 | D:10     | Bought a scroll of identify for 32 gold pieces
 12130 | D:10     | Bought a scroll of identify for 32 gold pieces
 12616 | D:11     | Found a portal to a secret trove of treasure.
 12699 | D:11     | Noticed a boulder beetle
 12737 | D:11     | Killed a boulder beetle
 13272 | Lair:1   | Entered Level 1 of the Lair of Beasts
 13660 | Lair:1   | Learned a level 5 spell: Summon Forest
 14199 | Lair:1   | Noticed a catoblepas
 14206 | Lair:1   | Killed a catoblepas
 14302 | Lair:1   | Got the Precepts of Frostbitten Reconfiguration
 14526 | Lair:2   | Reached XP level 13. HP: 98/98 MP: 17/26
 14699 | Lair:2   | Reached skill level 10 in Ice Magic
 14704 | Lair:2   | Noticed Harold
 14719 | Lair:2   | Killed Harold
 14949 | Lair:2   | Learned a level 2 spell: Sublimation of Blood
 14989 | Lair:2   | Noticed Urug
 15035 | Lair:2   | Killed Urug
 15191 | Lair:2   | Reached skill level 10 in Spellcasting
 15452 | Lair:2   | Found a staircase to the Swamp.
 16235 | Lair:3   | Reached skill level 10 in Dodging
 16345 | Lair:3   | Found a staircase to the Snake Pit.
 16619 | Lair:3   | Noticed Sonja
 16628 | Lair:3   | Killed Sonja
 16746 | Lair:3   | Reached skill level 10 in Stealth
 17367 | Lair:4   | Reached skill level 10 in Invocations
 17367 | Lair:4   | Reached XP level 14. HP: 102/108 MP: 16/28
 17455 | Lair:4   | Noticed Kirke
 17473 | Lair:4   | Killed Kirke
 18462 | Lair:5   | Entered Level 5 of the Lair of Beasts
 20037 | Lair:5   | Found a viscous altar of Jiyva.
 20037 | Lair:5   | Found a staircase to the Slime Pits.
 20362 | Lair:5   | Reached skill level 10 in Fighting
 20362 | Lair:5   | Reached skill level 10 in Short Blades
 20362 | Lair:5   | Reached skill level 10 in Long Blades
 20362 | Lair:5   | Reached skill level 10 in Axes
 20362 | Lair:5   | Reached skill level 10 in Maces & Flails
 20362 | Lair:5   | Reached skill level 10 in Polearms
 20362 | Lair:5   | Reached skill level 10 in Staves
 20362 | Lair:5   | Reached skill level 10 in Ranged Weapons
 20362 | Lair:5   | Reached skill level 10 in Throwing
 20362 | Lair:5   | Reached skill level 10 in Armour
 20362 | Lair:5   | Reached skill level 10 in Shields
 20362 | Lair:5   | Reached skill level 10 in Unarmed Combat
 20362 | Lair:5   | Reached skill level 10 in Evocations
 20445 | Lair:5   | Reached XP level 15. HP: 99/115 MP: 30/30
 20524 | Lair:5   | Found a corrupted altar of Lugonu.
 20524 | Lair:5   | Found a one-way gate to the infinite horrors of the Abyss.
 20891 | D:11     | Bought the Directory of Voltaic Caskets for 720 gold pieces
 20896 | D:11     | Learned a level 4 spell: Dispel Undead
 21027 | D:12     | Noticed Josephine
 21036 | D:12     | Killed Josephine
 21209 | D:12     | Noticed Rupert
 21224 | D:12     | Killed Rupert
 21257 | D:12     | Noticed Jorgrun
 21327 | D:12     | Killed Jorgrun
 24093 | D:13     | Learned a level 6 spell: Death Channel
 24390 | D:14     | Found a gate to the Vaults.
 24647 | D:14     | Noticed an orc warlord
 24664 | D:14     | Killed an orc warlord
 24665 | D:14     | Reached skill level 10 in Shapeshifting
 24731 | D:14     | Paralysed by an orc sorcerer for 4 turns
 24871 | D:14     | Reached XP level 16. HP: 110/119 MP: 22/32
 25064 | D:14     | Found a roughly hewn altar of Beogh.
 25592 | D:15     | Entered Level 15 of the Dungeon
 25609 | D:15     | Noticed Louise
 25631 | D:15     | Killed Louise
 25810 | D:15     | Identified the ring of Hotede {rF++ rN+ rCorr Str+3}
 26291 | D:15     | Found Nusoerhu's General Store.
 26424 | D:15     | Found a staircase to the Depths.
 26772 | Orc:1    | Entered Level 1 of the Orcish Mines
 26782 | D:10     | Learned a level 6 spell: Eringya's Noxious Bog
 27019 | Orc:2    | Entered Level 2 of the Orcish Mines
 27074 | Orc:2    | Found a staircase to the Elven Halls.
 27146 | Orc:2    | Noticed Donald
 27157 | Orc:2    | Killed Donald
 27746 | Orc:2    | Found Yfaley's Weapon Boutique.
 27750 | Orc:2    | Found Usagoriu's Magic Scroll Boutique.
 27752 | Orc:2    | Found Gozu's Jewellery Shop.
 27816 | Orc:2    | Found Todapp's Weapon Shop.
 28262 | Orc:1    | Found Mataifoemn's Magic Scroll Boutique.
 28486 | Orc:1    | Bought a scroll of blinking for 97 gold pieces
 28486 | Orc:1    | Bought a scroll of teleportation for 39 gold pieces
 28486 | Orc:1    | Bought a scroll of amnesia for 52 gold pieces
 28603 | Orc:2    | Bought the Information on the Deep Freeze and the Volcano
                  | for 612 gold pieces
 28609 | Orc:2    | Bought a scroll of teleportation for 90 gold pieces
 28620 | Orc:2    | Learned a level 7 spell: Ozocubu's Refrigeration
 28762 | Swamp:1  | Entered Level 1 of the Swamp
 28837 | Swamp:1  | Found a glacial archway.
 28879 | IceCv    | Entered an ice cave
 29145 | IceCv    | Identified the +0 ice dragon scales "Iluz" {*Slow rF- rC++
                  | rN+ Will++ Stlth+}
 30121 | IceCv    | Learned a level 5 spell: Lee's Rapid Deconstruction
 30200 | IceCv    | Identified the +2 helmet of Misanthropy {+Blink rF- rC+
                  | rCorr Str+3}
 30255 | IceCv    | Noticed an Ice Fiend
 30271 | IceCv    | Killed an Ice Fiend
 30272 | IceCv    | Reached XP level 17. HP: 69/133 MP: 5/33
 30454 | IceCv    | Got Ajaunim's Guidebook on Compounds and Snow
 30817 | Swamp:1  | Reached skill level 10 in Conjurations
 30817 | Swamp:1  | Reached skill level 10 in Hexes
 30817 | Swamp:1  | Reached skill level 10 in Summonings
 30817 | Swamp:1  | Reached skill level 10 in Necromancy
 30817 | Swamp:1  | Reached skill level 10 in Translocations
 30817 | Swamp:1  | Reached skill level 10 in Fire Magic
 30817 | Swamp:1  | Reached skill level 10 in Air Magic
 30817 | Swamp:1  | Reached skill level 10 in Earth Magic
 30817 | Swamp:1  | Reached skill level 10 in Alchemy
 30840 | Swamp:1  | Killed from afar by an eleionoma

Illustrated notes

Levels and vault maps discovered:
D:1:      enne_arrival_octagon_isle, layout_basic,
          hellmonk_ecumenical_altar_heavens_door
D:2:      layout_basic, serial_shops, nicolae_shop_hallway_stairs,
          skrybe_limestone_x, minmay_parallelograms, dreamdust_wishing_well,
          kennysheep_minor_cross, minmay_statues_item, minmay_pentomino_r2
D:3:      layout_loops_ring, ebering_ghost_disaster_area,
          amcnicky_mini_pool_small
D:4:      layout_basic, mainiacjoe_overflow_catwalk, gup_ossuary_entry_pyramid
D:5:      layout_basic, minmay_temple_entry_overgrown
D:6:      layout_rooms, nicolae_ru_awakened_eye, eat_drink_and_be_merry_uskayaw,
          mainiacjoe_overflow_24_doors, palyth_stone_intersect, st_stairs_5
D:7:      layout_cave_pods, mainiacjoe_overflow_alcove_2, enter_bailey_2
D:8:      layout_cave_pools, uniq_prince_ribbit1
D:9:      hangedman_cross_veins, layout_loops_ring, gammafunk_temple_of_torment,
          nzn_hepliaklqana_mist_gate, okawaru_humans, minmay_misc_feat_ornament
D:10:     layout_basic, due_lair_maze_entry_diamond, orc_0_dummy, serial_curves,
          eino_curves_04, eino_curves_01, serial_shops, shop
D:11:     layout_cave_pools, nicolae_trove_entry_isolated
D:12:     hangedman_cross_cluster, layout_loops_ring, serial_rivers,
          chequers_serial_rivers_room_b, chequers_serial_rivers_room_b,
          chequers_serial_rivers_micro_c, chequers_serial_rivers_large_b,
          uniq_rupert, uniq_josephine, uniq_jorgrun
D:13:     layout_rooms, special_room [special_room_orc]
D:14:     orc_temple, layout_basic, hellmonk_vaults_keyhole, minivault_25
D:15:     hellmonk_depths_entry_around_the_bend, layout_long_grid, serial_shops,
          nicolae_shop_hallway_plus, serial_bayou_pond_a, uniq_louise
Temple:   nicolae_temple_god_jail
Lair:1:   layout_cave_pods, grunt_megastairs_1
Lair:2:   layout_gridlike, swamp_mist, beast_lair_carwin_4, uniq_urug,
          uniq_harold
Lair:3:   layout_loops_ring, alex1729_snake_entry_snake,
          infiniplex_staircase_pool, uniq_sonja
Lair:4:   layout_roguey, lemuel_fruit_tree, uniq_kirke
Lair:5:   hellmonk_lair_end_abyssal_woods, layout_long_grid,
          dpeg_slime_entry_enclosed, minivault_27, infiniplex_staircase_pool_2,
          serial_bayou_shore_a
Swamp:1:  layout_basic_swamp, portal_ice_cave_entry_ugly_swarm,
          hangedman_swamp_lotus
Orc:1:    layout_caves, serial_shops, nicolae_shop_stone
Orc:2:    st_orc_mages, layout_diamond_mine, uniq_donald

Skill      XL: |  1  2  3  4  5  6  7  8  9 10 11 12 13 14 15 16 17 |
---------------+----------------------------------------------------+-----
Spellcasting   | 5 6 7 8 9 10 11 12 | 12.7
Invocations    | 1 2 3 4 5 6 7 8 10 11 12 | 12.8
Fighting       | 1 2 3 5 6 7 8 9 10 11 | 11.8
Short Blades   | 1 2 3 5 6 7 8 9 10 11 | 11.8
Long Blades    | 1 2 3 5 6 7 8 9 10 11 | 11.8
Axes           | 1 2 3 5 6 7 8 9 10 11 | 11.8
Maces & Flails | 1 2 3 5 6 7 8 9 10 11 | 11.8
Polearms       | 1 2 3 5 6 7 8 9 10 11 | 11.8
Staves         | 1 2 3 5 6 7 8 9 10 11 | 11.8
Ranged Weapons | 1 2 3 5 6 7 8 9 10 11 | 11.8
Throwing       | 1 2 3 5 6 7 8 9 10 11 | 11.8
Armour         | 1 2 3 5 6 7 8 9 10 11 | 11.8
Shields        | 1 2 3 5 6 7 8 9 10 11 | 11.8
Unarmed Combat | 1 2 3 5 6 7 8 9 10 11 | 11.8
Evocations     | 1 2 3 5 6 7 8 9 10 11 | 11.8
Shapeshifting  | 1 2 3 4 5 6 7 8 9 10 | 10.8
Conjurations   | 1 2 3 4 5 6 7 8 9 10 | 10.0
Hexes          | 1 2 3 4 5 6 7 8 9 10 | 10.0
Summonings     | 1 2 3 4 5 6 7 8 9 10 | 10.0
Necromancy     | 1 2 3 4 5 6 7 8 9 10 | 10.0
Translocations | 1 2 3 4 5 6 7 8 9 10 | 10.0
Fire Magic     | 1 2 3 4 5 6 7 8 9 10 | 10.0
Air Magic      | 1 2 3 4 5 6 7 8 9 10 | 10.0
Earth Magic    | 1 2 3 4 5 6 7 8 9 10 | 10.0
Alchemy        | 1 2 3 4 5 6 7 8 9 10 | 10.0
Dodging        | 5 6 7 8 9 10 11 12 | 12.6
Stealth        | 5 6 7 8 9 10 11 12 | 12.5
Ice Magic      | 8 9 10 11 12 | 12.1

Action                     |  1- 3 |  4- 6 |  7- 9 | 10-12 | 13-15 | 16-18 || total
---------------------------+-------+-------+-------+-------+-------+-------++-------
  Melee: Unarmed           |    16 |     3 |       |       |       |       ||    19
         Bite              |     1 |    14 |    39 |    57 |   151 |    49 ||   311
         Short sword       |       |    98 |   256 |       |       |       ||   354
         Falchion          |       |       |    28 |     8 |       |       ||    36
         Rapier            |       |       |       |   341 |   836 |   274 ||  1451
  Throw: Dart              |       |       |       |     2 |     4 |     2 ||     8
         Throwing net      |       |       |       |       |     4 |       ||     4
   Cast: Freeze            |    43 |    25 |    31 |    56 |    84 |     7 ||   246
         Summon Ice Beast  |     5 |     7 |    18 |    39 |    48 |     7 ||   124
         Frozen Ramparts   |       |     6 |    16 |    60 |    51 |     8 ||   141
         Ozocubu's Armour  |       |     5 |    11 |    31 |    63 |    12 ||   122
         Irradiate         |       |       |       |     9 |    10 |    14 ||    33
         Summon Forest     |       |       |       |     1 |    34 |    13 ||    48
         Sublimation of Bl |       |       |       |       |     2 |    11 ||    13
         Dispel Undead     |       |       |       |       |     5 |    42 ||    47
         Death Channel     |       |       |       |       |     1 |    15 ||    16
         Lee's Rapid Decon |       |       |       |       |       |    10 ||    10
         Eringya's Noxious |       |       |       |       |       |    10 ||    10
         Ozocubu's Refrige |       |       |       |       |       |    13 ||    13
 Invoke: Call Merchant     |       |       |       |     2 |     1 |     2 ||     5
         Potion Petition   |       |       |       |       |     1 |     1 ||     2
  Evoke: Wand              |       |       |     3 |     1 |    10 |     1 ||    15
         Phantom mirror    |       |       |       |       |     1 |       ||     1
         Condenser vane    |       |       |       |       |     1 |       ||     1
    Use: Scroll            |       |       |     4 |     9 |     9 |     4 ||    26
         Potion            |       |       |       |     2 |     5 |     2 ||     9
   Stab: Sleeping          |       |     2 |    13 |     5 |    11 |     8 ||    39
         Distracted        |       |       |     2 |       |    10 |     5 ||    17
         Petrified         |       |       |       |       |     3 |       ||     3
         Paralysed         |       |       |       |       |     2 |       ||     2
         Held in net/web   |       |       |       |       |     4 |       ||     4
 Armour: Robe              |    26 |    78 |   184 |    86 |       |       ||   374
         Leather armour    |       |       |       |   136 |   432 |   112 ||   680
         Scale mail        |       |       |       |     6 |       |    32 ||    38
  Dodge: Dodged            |    36 |    76 |   169 |   154 |   355 |   108 ||   898
  Block: Other             |       |       |       |    20 |       |       ||    20
         Buckler           |       |       |       |   111 |   492 |   170 ||   773
         Reflection        |       |       |       |     4 |    15 |    12 ||    31

Table legend: (Time is in decaauts)
 A = Elapsed time spent in this place.
 B = Non-inter-level travel time spent in this place.
 C = Inter-level travel time spent in this place.
 D = Time resting spent in this place.
 E = Time spent auto-exploring this place.
 F = Levels seen in this place.
 G = Mean time per level.
                   A        B        C        D        E       F      G
               +--------+--------+--------+--------+--------+-----+--------+
         Total |  30158 |  28610 |   1548 |   1921 |  21115 |  27 | 1117.0 |
       Dungeon |  17149 |  16288 |    861 |    619 |  12854 |  15 | 1143.3 |
        Temple |      1 |      1 |      0 |      0 |      0 |   1 |    1.0 |
          Lair |   7360 |   6973 |    387 |    603 |   5035 |   5 | 1472.0 |
         Swamp |    384 |    384 |      0 |     38 |    226 |   1 |  384.0 |
  Orcish Mines |   1873 |   1574 |    299 |     48 |   1100 |   2 |  936.5 |
       Ossuary |    735 |    735 |      0 |     32 |    386 |   1 |  735.0 |
        Bailey |   1001 |   1001 |      0 |    108 |    635 |   1 | 1001.0 |
      Ice Cave |   1652 |   1652 |      0 |    472 |    879 |   1 | 1652.0 |
               +--------+--------+--------+--------+--------+-----+--------+

Top non-repeatable levels by time:
    D:12: 2281 daAuts
  Lair:5: 2102 daAuts
  Lair:2: 1670 daAuts
   IceCv: 1652 daAuts
    D:14: 1557 daAuts
     D:9: 1503 daAuts
   Orc:2: 1373 daAuts
     D:7: 1285 daAuts
  Lair:1: 1279 daAuts
  Lair:4: 1257 daAuts
     D:5: 1255 daAuts
    D:10: 1251 daAuts
  Lair:3: 1051 daAuts
    D:15: 1040 daAuts
     D:4: 1023 daAuts
